 Dungeon Crawl Stone Soup version 0.32-a0-871-ge202e49faa (webtiles) character file.

Game seed: 655830752386645828

795 Griffin23 the Slasher (level 7, -1/63 HPs)
             Began as a Minotaur Fighter on Mar 30, 2024.
             Was a Follower of Beogh.
             Killed from afar by a white imp (6 damage)
             ... with a puff of frost
             ... on level 5 of the Dungeon.
             The game lasted 00:08:00 (3846 turns).

Griffin23 the Slasher (Minotaur Fighter)            Turns: 3846, Time: 00:08:01

Health: -1/63      AC: 12    Str: 22    XL:     7   Next: 58%
Magic:  6/6        EV:  7    Int: 11    God:    Beogh [*.....]
Gold:   199        SH:  5    Dex: 10    Spells: 6/6 levels left

rFire   . . .        a - +0 long sword
rCold   . . .        c - +0 buckler
rNeg    . . .        k - +0 chain mail
rPois   .            (helmet restricted)
rElec   .            j - +1 cloak
rCorr   .            (no gloves)
SInv    .            (no boots)
Will    .....        t - amulet of faith Stlth
                     q - +6 ring of intelligence
HPRegen 0.30/turn    (no ring)
MPRegen 0.10/turn

%: faith
@: mighty
A: horns 2, retaliatory headbutt
a: Renounce Religion


You were on level 5 of the Dungeon.
You worshipped Beogh.
Beogh was aware of your devotion.
You visited 1 branch of the dungeon, and saw 5 of its levels.

You collected 199 gold pieces.

Inventory:

Hand Weapons
 a - a +0 long sword (weapon)
Armour
 b - a +0 scale mail
 c - a +0 buckler (worn)
 j - a +1 cloak (worn)
 k - a +0 chain mail (worn)
Jewellery
 h - an amulet of reflection
 q - a +6 ring of intelligence (left hand)
 t - an amulet of faith (around neck)
 v - a +6 ring of intelligence
Wands
 r - a wand of flame (10)
Scrolls
 e - a scroll of fog {unknown}
 g - 2 scrolls of identify {unknown}
 m - 4 scrolls of teleportation {unknown}
 o - 4 scrolls of poison {unknown}
 p - 2 scrolls of revelation {unknown}
 u - a scroll of immolation {unknown}
 y - a scroll of amnesia {unknown}
 z - a scroll of enchant armour {unknown}
Potions
 f - a potion of berserk rage
 i - a potion of haste {unknown}
 l - a potion of enlightenment {unknown}
 n - 2 potions of curing {unknown}
 s - a potion of heal wounds {unknown}
 w - a potion of brilliance {unknown}
 x - a potion of attraction {unknown}


   Skills:
 + Level 6.0 Fighting
 * Level 6.2 Long Blades
 + Level 6.1 Armour
 + Level 6.0 Shields


You had 6 spell levels left.
You didn't know any spells.
Your spell library contained the following spells:

 Spells                   Type           Power      Damage    Failure   Level
 Magic Dart               Conj           0%         1d3       94%         1
 Searing Ray              Conj           0%         2d4       98%         2
 Inner Flame              Hex/Fire       0%         N/A       100%        3
 Stone Arrow              Conj/Erth      0%         3d7       100%        3
 Animate Armour           Summ/Erth      0%         N/A       100%        4
 Flame Wave               Conj/Fire      0%         2d4       100%        4
 Fulminant Prism          Conj/Alch      0%         3d5       100%        4
 Sticky Flame             Fire/Alch      0%         2d4       100%        4
 Lehudib's Crystal Spear  Conj/Erth      0%         10d2      100%        8


Dungeon Overview and Level Annotations

Branches:
Dungeon (5/15)
 Temple: D:4-7

Altars:


Innate Abilities, Weirdness & Mutations

Your facial features look somewhat orcish.
You have a pair of horns on your head.
You reflexively headbutt those who attack you in melee.


Message History

Menkaure gestures wildly while chanting.
Menkaure seems to speed up.
Menkaure calls on the powers of darkness!
Your body is wracked with pain!
You hear a shout!
You see here a scroll labelled TILAUSCHEAWE.
Menkaure is nearby!
Menkaure is nearby!
A white imp comes into view.
The white imp shouts, "Escape, thou obnoxious ill-breeding maggot-pie!"
You hit Menkaure but do no damage. Menkaure hits you!
You are too injured to fight recklessly!
You are too injured to fight recklessly!
Okay, then.
You feel very mighty all of a sudden. Menkaure hits you but does no damage.
You hit Menkaure. You headbutt Menkaure.
Menkaure is heavily damaged.
Menkaure gestures at you while chanting.
Pain shoots through your body!
* * * LOW HITPOINT WARNING * * *
Menkaure hits you!
* * * LOW HITPOINT WARNING * * *
Okay, then.
Okay, then.
You slash Menkaure!
Menkaure is almost destroyed.
Menkaure hits you but does no damage.
You slice Menkaure!!
You destroy Menkaure!
Beogh accepts your kill.
Your Fighting skill increases to level 6!
Your Long Blades skill increases to level 6!
Your Armour skill increases to level 6!
Your Shields skill increases to level 6!
You barely miss the white imp. You headbutt the white imp!
The white imp is severely wounded.
The white imp gestures at you. The puff of frost hits you.
You die...

#... ..# ..# ...
#.# #.# #5# #@#
.~♣.≈~....# #.#
#.........# #?#
+.........# #.#
#.........# #.#
##.........# #.#
###..........# #.#
..#..........###.#
..#...........##.#


You could see a white imp.

Vanquished Creatures
  Menkaure (D:5)
  A water moccasin (D:3)
  2 ogres
  A hound (D:3)
  A jelly (D:4)
  4 orc priests
  An iguana (D:4)
  Terence (D:3)
  An orc wizard (D:5)
  Robin (D:3)
  3 adders
  A dart slug (D:1)
  4 ribbon worms
  3 orcs
  2 ball pythons (D:2)
  7 bats
  7 endoplasms
  A giant cockroach (D:2)
  17 goblins
  11 hobgoblins
  5 jackals
  8 kobolds
  4 quokkas
  8 rats
95 creatures vanquished.

Vanquished Creatures (others)
  2 orc priests (D:4)
  2 orcs
  A goblin (D:4)
5 creatures vanquished.

Grand Total: 100 creatures vanquished

Notes
Turn   | Place    | Note
-------+----------+-------------------------------------------
     0 | D:1      | Griffin23 the Minotaur Fighter began the quest for the Orb.
     0 | D:1      | Reached XP level 1. HP: 19/19 MP: 0/0
   144 | D:1      | Reached XP level 2. HP: 27/27 MP: 1/1
   709 | D:2      | Reached XP level 3. HP: 30/33 MP: 2/2
   869 | D:2      | Identified the +3 hand axe of Gazing Uncertain Death {vamp,
                  | rN++ Int-4 Dex+3}
  1183 | D:2      | You fall into a shaft and drop 2 floors!
  1191 | D:4      | Noticed an ogre
  1207 | D:4      | Noticed an orc warrior
  1211 | D:4      | Became a worshipper of Beogh the Shepherd
  1226 | D:3      | Noticed Terence
  1231 | D:3      | Killed Terence
  1266 | D:3      | Reached XP level 4. HP: 33/40 MP: 3/3
  1412 | D:3      | Noticed Robin
  1420 | D:3      | Killed Robin
  1442 | D:3      | Reached * piety under Beogh
  1841 | D:2      | Reached XP level 5. HP: 47/47 MP: 4/4
  2307 | D:3      | Noticed a water moccasin
  2313 | D:3      | Killed a water moccasin
  2314 | D:3      | Reached skill level 5 in Fighting
  2314 | D:3      | Reached skill level 5 in Armour
  2314 | D:3      | Reached skill level 5 in Shields
  2314 | D:3      | Reached XP level 6. HP: 48/56 MP: 5/5
  2761 | D:4      | Reached skill level 5 in Long Blades
  2998 | D:4      | Identified the +0 robe of the Tanner {Fly rPois rC+}
  3162 | D:5      | Entered Level 5 of the Dungeon
  3180 | D:5      | HP: 1/56 [something/magic dart (6)]
  3185 | D:5      | Reached XP level 7. HP: 4/61 MP: 6/6
  3186 | D:5      | Reached ** piety under Beogh
  3837 | D:5      | Noticed Menkaure
  3845 | D:5      | Killed Menkaure
  3846 | D:5      | Killed from afar by a white imp

Illustrated notes

Levels and vault maps discovered:
D:1:      sevenhm_arrival_forest_fort_large_2, layout_rooms, minmay_domino_2
D:2:      mumra_celtic_spiral_tile, layout_loops_ring
D:3:      layout_basic, uniq_robin, uniq_terence
D:4:      layout_gridville
D:5:      layout_basic, mainiacjoe_overflow_cross_hatched, serial_rivers,
          chequers_serial_rivers_micro_c, chequers_serial_rivers_room_a,
          chequers_serial_rivers_room_a, chequers_serial_rivers_marsh,
          uniq_menkaure

Skill      XL: |  1  2  3  4  5  6  7 |
---------------+----------------------+-----
Armour         | 4 5 6 |  6.1
Fighting       | 4 5 6 |  6.0
Shields        | 4 5 6 |  6.0
Long Blades    | 3 4 5 6 |  6.2

Action                     |  1- 3 |  4- 6 |  7- 9 || total
---------------------------+-------+-------+-------++-------
  Melee: Long sword        |    74 |   139 |    27 ||   240
         Headbutt          |    17 |    32 |     3 ||    52
 Invoke: Convert to Beogh  |     1 |       |       ||     1
    Use: Potion            |     1 |     2 |     1 ||     4
 Armour: Scale mail        |    46 |       |       ||    46
         Chain mail        |    13 |   133 |     9 ||   155
  Dodge: Dodged            |    36 |    58 |     7 ||   101
  Block: Buckler           |    21 |    78 |     5 ||   104
         Reflection        |       |     1 |       ||     1

Table legend: (Time is in decaauts)
 A = Elapsed time spent in this place.
 B = Non-inter-level travel time spent in this place.
 C = Inter-level travel time spent in this place.
 D = Time resting spent in this place.
 E = Time spent auto-exploring this place.
 F = Levels seen in this place.
 G = Mean time per level.
                   A        B        C        D        E       F      G
               +--------+--------+--------+--------+--------+-----+--------+
         Total |   3904 |   3720 |    184 |    548 |   2259 |   5 |  780.8 |
       Dungeon |   3904 |   3720 |    184 |    548 |   2259 |   5 |  780.8 |
               +--------+--------+--------+--------+--------+-----+--------+

Top non-repeatable levels by time:
     D:2: 1062 daAuts
     D:4: 789 daAuts
     D:3: 741 daAuts
     D:5: 694 daAuts
     D:1: 616 daAuts
